 Dungeon Crawl Stone Soup version 0.30.1-11-g7821555f0a (webtiles) character file.

Game seed: 8927142549047107293

1328 lonewolfV2 the Shield-Bearer (level 8, -6/60 (64) HPs)
             Began as a Formicid Fighter on Nov 2, 2023.
             Was a Believer of Okawaru.
             Mangled by a wight
             ... wielding a +0 battleaxe
              (16 damage)
             ... on level 6 of the Dungeon.
             The game lasted 00:14:54 (5260 turns).

lonewolfV2 the Shield-Bearer (Formicid Fighter)     Turns: 5260, Time: 00:14:54

HP:   -6/60 (64)    AC: 14    Str: 19    XL:     8   Next: 91%
MP:   10/10         EV:  6    Int:  8    God:    Okawaru [**....]
Gold: 412           SH:  7    Dex: 15    Spells: 7/7 levels left

rFire   + . .        D - +2 flail (drain)
rCold   . . .        c - +1 buckler
rNeg    . . .        q - +0 plate armour
rPois   +            (helmet unavailable)
rElec   .            (no cloak)
rCorr   .            (no gloves)
SInv    +            k - +0 pair of boots
Will    .....        o - amulet of faith Stlth
                     r - ring of poison resistance
HPRegen 0.30/turn    B - ring of protection from fire
MPRegen 0.12/turn

%: faith
@: drained
A: permanent stasis, dig shafts and tunnels, antennae 3, four strong arms, weak
1, wild magic 1, MP-powered wands
a: Dig, Shaft Self, Renounce Religion, Heroism


You were on level 6 of the Dungeon.
You worshipped Okawaru.
Okawaru was pleased with you.
You visited 2 branches of the dungeon, and saw 8 of its levels.
You also visited: Ossuary.

You collected 412 gold pieces.

Inventory:

Hand Weapons
 a - a +1 war axe
 D - a +2 flail of draining (weapon)
Missiles
 l - 5 boomerangs
Armour
 b - a +0 scale mail
 c - a +1 buckler (worn)
 k - a +0 pair of boots (worn)
 q - a +0 plate armour (worn)
Jewellery
 o - an amulet of faith (around neck)
 r - a ring of poison resistance (left hand)
 y - an amulet of regeneration
 B - a ring of protection from fire (right hand)
Wands
 v - a wand of polymorph (13)
 E - a wand of roots (12)
Scrolls
 u - a scroll of fog
 w - a scroll of enchant armour
 z - a scroll of magic mapping
Potions
 d - a potion of might
 e - 3 potions of cancellation
 f - 2 potions of heal wounds
 g - 5 potions of degeneration
 i - 2 potions of lignification
 j - 4 potions of haste
 m - 2 potions of attraction
 p - a potion of invisibility {unknown}
 s - 2 potions of flight {unknown}
 A - a potion of magic {unknown}
 C - a potion of resistance {unknown}


   Skills:
 - Level 6.0 Fighting
 - Level 4.5(4.8) Axes
 + Level 2.3(3.7) Maces & Flails
 - Level 6.3 Armour
 * Level 2.3 Dodging
 - Level 6.6 Shields
 + Level 3.3 Invocations


You had 7 spell levels left.
You didn't know any spells.
Your spell library contained the following spells:

 Spells                   Type           Power      Damage    Failure   Level
 Magic Dart               Conj           0%         1d3       100%        1
 Sting                    Tmut/Pois      0%         1d3       100%        1
 Ensorcelled Hibernation  Hex/Ice        0%         N/A       100%        2
 Passwall                 Tmut/Erth      0%         N/A       100%        2
 Poisonous Vapours        Pois/Air       0%         N/A       100%        2
 Mephitic Cloud           Conj/Pois/Air  0%         N/A       100%        3
 Olgreb's Toxic Radiance  Pois           0%         N/A       100%        4
 Borgnjor's Revivificati  Necr           0%         N/A       100%        8
 Necromutation            Tmut/Necr      0%         N/A       100%        8
 Death's Door             Necr           0%         N/A       100%        9
 Call Imp                 Summ           Unusable   N/A       N/A         2
 Swiftness                Air            Unusable   N/A       N/A         3

Dungeon Overview and Level Annotations

Branches:
Dungeon (7/15)             Temple (1/1) D:4         Ossuary (visited)

Altars:
Ashenzari
Dithmenos
Fedhas
Gozag
Hepliaklqana
Kikubaaqudgha
Makhleb
Nemelex Xobeh
Okawaru
Qazlal
Ru
Sif Muna
Trog
Vehumet
Wu Jian
Xom
Yredelemnul
The Shining One

Annotations:
D:3 3 runed translucent doors, Zhuub's ghost, weakling DrTm
D:4 3 runed translucent doors, OlManJenkins's ghost, amateur MiBe; mrw3rdna's ghost, amateur SpVM; rozman's ghost, novice TrFi


Innate Abilities, Weirdness & Mutations

You cannot be hasted, slowed, berserked, paralysed or teleported.
You can dig through walls and to a lower floor.
You have a pair of large antennae on your head. (SInv)
Your four strong arms can wield two-handed weapons with a shield.
You are weak. (Str -2)
Your spells are a little harder to cast, but a little more powerful.
You expend magic power (3 MP) to strengthen your wands.


Message History

You block the wight's attack.
You climb upwards.
There is a stone staircase leading down here.
You sock the wight!
The wight is almost destroyed.
The wight hits you but does no damage.
You hit the wight.
The wight is almost destroyed.
You block the wight's attack.
You thump the wight!
You destroy the wight!
Okawaru accepts your kill.
Things that are here:
a +4 dagger; a +0 robe
There is a stone staircase leading down here.
You climb downwards.
The wight hits you with a +0 morningstar!
You block the wight's attack. The wight hits you with a +0 battleaxe!
You feel drained.
The cyclops throws a large rock.
The large rock hits you!!
* * * LOW HITPOINT WARNING * * *
There is a stone staircase leading up, spattered with blood here.
The wight hits you with a +0 morningstar.
* * * LOW HITPOINT WARNING * * *
You block the wight's attack. The wight barely misses you.
You climb upwards.
There is a stone staircase leading down here.
You feel better. The wight hits you but does no damage.
The wight hits you with a +0 morningstar.
You feel better. The wight hits you with a +0 battleaxe!
You feel drained. The wight hits you but does no damage.
You sock the wight!
The wight is severely damaged.
The wight hits you with a +0 battleaxe!
* * * LOW HITPOINT WARNING * * *
The wight closely misses you.
You sock the wight!
You destroy the wight!
Okawaru accepts your kill. The wight hits you with a +0 battleaxe!
You die...

#............###..##.##.))##..
###...........###.#.....))....
#........##..##.......<.....
#..##....#....#......#......
######..##................##.....
........#........)........#..##..
P####..#.....................##..
~P####..........[z...............
PPP#....##......@)#..###.........
~PP.##.####......##...##.........
♣P~..####......................#.
≈~.~..# ###........#.#..#......##
♣~~P..## #........##.##.#........
~≈♣P~..# ##..#..........#......##
P♣≈PP..###..##....###..........##
~~~PP...##..##.....##........#...
P.~~~#......#.............#..#...


You could see a wight.

Vanquished Creatures
  A water moccasin (D:6)
  A black bear (D:5)
  An ice beast (D:6)
  A kobold brigand (D:6)
  Blork the orc (D:5)
  A gnoll sergeant (D:6)
  4 water moccasin zombies (Ossuary)
  2 wights (D:6)
  2 jellies
  4 hounds
  2 sleepcaps (D:6)
  3 orc wizards
  2 mummies (Ossuary)
  8 adders
  A shadow imp (D:6)
  An ufetubus (D:6)
  7 adder zombies (Ossuary)
  3 worms
  3 dart slugs (D:1)
  6 orcs
  10 ball pythons
  7 endoplasms
  2 giant cockroaches
  6 gnoll zombies (Ossuary)
  7 goblins
  2 hobgoblins
  6 quokkas
  7 bats
  3 frilled lizards
  3 hobgoblin zombies (Ossuary)
  14 kobolds
  6 kobold zombies (Ossuary)
  7 orc zombies (Ossuary)
  4 rats
  A butterfly (D:5)
139 creatures vanquished.

Notes
Turn   | Place    | Note
-------+----------+-------------------------------------------
     0 | D:1      | lonewolfV2 the Formicid Fighter began the quest for the
                  | Orb.
     0 | D:1      | Reached XP level 1. HP: 18/18 MP: 1/1
    70 | D:1      | Reached XP level 2. HP: 24/24 MP: 2/2
   286 | D:1      | Reached XP level 3. HP: 25/29 MP: 3/3
   863 | D:2      | Reached XP level 4. HP: 36/37 MP: 4/4
  1513 | D:3      | Found an ornate altar of the Wu Jian Council.
  1542 | D:3      | Reached XP level 5. HP: 39/42 MP: 5/5
  1615 | D:3      | Reached skill level 5 in Shields
  1695 | D:3      | Found a runed translucent gate.
  1696 | D:3      | Found a runed translucent gate.
  1699 | D:3      | Found a runed translucent gate.
  1700 | D:3      | Identified the +0 ring mail of the Sea {rC+ Str+3 Int-2}
  1700 | D:3      | Noticed Zhuub's ghost (weakling DrTm)
  1904 | D:3      | Found a shimmering blue altar of Sif Muna.
  2013 | D:4      | Found a sand-covered staircase.
  2032 | Ossuary  | Entered an ossuary
  2110 | Ossuary  | Reached XP level 6. HP: 28/49 MP: 6/6
  2501 | Ossuary  | Reached XP level 7. HP: 50/55 MP: 7/7
  2507 | Ossuary  | Reached skill level 5 in Fighting
  2507 | Ossuary  | Reached skill level 5 in Armour
  2689 | D:4      | Found a runed translucent gate.
  2695 | D:4      | Found a runed translucent gate.
  2709 | D:4      | Found a runed translucent gate.
  2730 | D:4      | Found a staircase to the Ecumenical Temple.
  2757 | Temple   | Entered the Ecumenical Temple
  2999 | Temple   | Became a worshipper of Warmaster Okawaru
  3252 | D:4      | Found a radiant altar of Vehumet.
  3507 | D:4      | Noticed OlManJenkins's ghost (amateur MiBe)
  3507 | D:4      | Noticed mrw3rdna's ghost (amateur SpVM)
  3508 | D:4      | Noticed rozman's ghost (novice TrFi)
  3539 | D:5      | Entered Level 5 of the Dungeon
  3994 | D:5      | Found a shimmering altar of Xom.
  4061 | D:5      | Found a sparkling altar of Nemelex Xobeh.
  4069 | D:5      | Found a hazy altar of Hepliaklqana.
  4115 | D:5      | Noticed Blork the orc
  4128 | D:5      | Killed Blork the orc
  4129 | D:5      | Reached skill level 1 in Invocations
  4129 | D:5      | Reached XP level 8. HP: 31/56 MP: 8/8
  4547 | D:6      | Reached * piety under Okawaru
  4548 | D:6      | Reached skill level 1 in Maces & Flails
  4595 | D:6      | Found a stormy altar of Qazlal.
  4808 | D:6      | Gained mutation: You occasionally shout uncontrollably at
                  | your foes. [potion of mutation]
  4808 | D:6      | Gained mutation: You are agile. (Dex +4, Str/Int -1)
                  | [potion of mutation]
  4808 | D:6      | Gained mutation: Your spells are a little harder to cast,
                  | but a little more powerful. [potion of mutation]
  4809 | D:6      | Lost mutation: You are agile. (Dex +4, Str/Int -1) [potion
                  | of mutation]
  4809 | D:6      | Lost mutation: You occasionally shout uncontrollably at
                  | your foes. [potion of mutation]
  4809 | D:6      | Gained mutation: You expend magic power (3 MP) to
                  | strengthen your wands. [potion of mutation]
  4809 | D:6      | Gained mutation: You are weak. (Str -2) [potion of
                  | mutation]
  4835 | D:6      | Reached skill level 1 in Dodging
  4984 | D:6      | Reached ** piety under Okawaru
  5244 | D:7      | Noticed a cyclops
  5260 | D:6      | Mangled by a wight

Illustrated notes

Levels and vault maps discovered:
D:1:      evilmike_arrival_plus, layout_basic
D:2:      wander_river, layout_basic
D:3:      layout_rooms, lemuel_crystal_altar, nicolae_sif_muna_little_library,
          biasface_ghost_orc_armoury
D:4:      layout_basic, vehumet_crystals, temple_fountains,
          gammafunk_ghost_cemetery, nicolae_ossuary_entry_monument
D:5:      layout_cave_pools, xom_butterflies,
          chequers_temple_overflow_statue_of_worship, corexii_hall_statues_l,
          uniq_blork_the_orc
D:6:      minmay_angry_zag, layout_cave_pools,
          mainiacjoe_overflow_concentric_impassable, serial_bayou_lagoon_a
D:7:      layout_loops_corners, mainiacjoe_overflow_catwalk,
          amcnicky_altar_gilded, minmay_misc_feat_columns
Temple:   minmay_temple_curvy_loop

Skill      XL: |  1  2  3  4  5  6  7  8 |
---------------+-------------------------+-----
Fighting       | 4 5 6 |  6.0
Armour         | 4 5 6 |  6.3
Axes           | 3 4 |  4.5
Shields        | 5 6 |  6.6
Invocations    | 1 3 |  3.3
Maces & Flails | 2 |  2.3
Dodging        | 2 |  2.3

Action                     |  1- 3 |  4- 6 |  7- 9 || total
---------------------------+-------+-------+-------++-------
  Melee: War axe           |    92 |   195 |   109 ||   396
         Flail             |       |       |    69 ||    69
    Use: Scroll            |     3 |     6 |     9 ||    18
         Potion            |       |       |     4 ||     4
 Armour: Scale mail        |    48 |     6 |       ||    54
         Plate armour      |       |   133 |   159 ||   292
  Dodge: Dodged            |    51 |    48 |    58 ||   157
  Block: Buckler           |    33 |    65 |    94 ||   192
